Map: Paladino Terminal LE

Players

Loken - Winner!

  • Race: Protoss Protoss
  • League: Platinum
  • Spawn Location: 5:00

dallaskuken

  • Race: Protoss Protoss
  • League: Platinum
  • Spawn Location: 9:00

VOD

Have the link to the VOD?

Description

Time

  • Played on: April 4, 2017, 2:31 p.m.
  • Length: 7:52
Show
View Real Time Build Order
Export as new Build Order

Loken Protoss - Winner!

Build Orders:  

Get SALT Encoding   

  12  0:01  Probe (Chrono Boost)  
  13  0:11  Probe (Chrono Boost)  
  14  0:22  Probe (Chrono Boost)  
  14  0:26  Pylon  
  15  0:45  Probe (Chrono Boost)  
  15  0:46  Gateway  
  16  0:51  Assimilator  
  16  0:55  Probe (Chrono Boost)  
  17  1:06  Probe (Chrono Boost)  
  18  1:16  Probe (Chrono Boost)  
  19  1:27  Probe (Chrono Boost)  
  20  1:35  Cybernetics Core  
  20  1:45  Probe (Chrono Boost)  
  21  1:55  Nexus  
  21  1:56  Probe (Chrono Boost)  
  21  2:00  Pylon  
  22  2:12  Warp Gate  
  22  2:17  Stalker  
  22  2:19  Probe (Chrono Boost)  
  22  2:22  Assimilator  
  25  2:36  Gateway  
  25  2:38  Gateway  
  25  2:47  Stalker  
  27  2:54  Probe (Chrono Boost)  
  28  2:59  Pylon  
  28  3:23  Probe (Chrono Boost)  
  28  3:25  Pylon, Probe (Chrono Boost)  
  30  3:30  Stalker  
  30  3:34  Stalker, Probe (Chrono Boost)  
  33  3:35  Probe (Chrono Boost)  
  36  3:42  Stalker  
  36  3:44  Probe (Chrono Boost)  
  39  3:54  Probe (Chrono Boost)  
  39  3:55  Probe (Chrono Boost)  
  41  3:57  Pylon  
  41  4:05  Probe (Chrono Boost)  
  42  4:15  Probe (Chrono Boost)  
  42  4:16  Probe (Chrono Boost)  
  44  4:19  Stalker  
  44  4:20  Stalker  
  48  4:26  Stalker  
  50  4:39  Probe (Chrono Boost)  
  50  4:40  Probe (Chrono Boost)  
  44  4:49  Probe (Chrono Boost)  
  44  4:51  Probe (Chrono Boost)  
  43  4:58  Forge  
  43  5:02  Pylon, Probe (Chrono Boost)  
  43  5:03  Probe (Chrono Boost)  
  45  5:07  Pylon  
  45  5:12  Probe (Chrono Boost)  
  45  5:14  Probe (Chrono Boost)  
  47  5:16  Zealot  
  47  5:18  Zealot  
  51  5:23  Mothership Core (Chrono Boost)  
  51  5:24  Zealot, Probe (Chrono Boost)  
  56  5:35  Probe (Chrono Boost)  
  55  5:46  Stalker x3  
  61  6:10  Stalker x3  
  63  6:15  Probe (Chrono Boost)  
  58  6:25  Probe (Chrono Boost)  
  58  6:28  Photon Cannon  
  57  6:35  Photon Cannon  
  57  6:36  Probe (Chrono Boost)  
  57  6:38  Stalker  
  57  6:39  Stalker x2  
  63  6:47  Probe (Chrono Boost)  
  64  7:08  Zealot x3  
  66  7:32  Stalker x3  
Show
View Real Time Build Order
Export as new Build Order

dallaskuken Protoss 

Build Orders: Oracle Opening 

Get SALT Encoding   

  12  0:01  Probe (Chrono Boost)  
  13  0:11  Probe (Chrono Boost)  
  14  0:19  Pylon  
  14  0:23  Probe (Chrono Boost)  
  15  0:37  Probe (Chrono Boost)  
  16  0:46  Gateway  
  16  0:48  Probe (Chrono Boost)  
  17  0:51  Assimilator  
  17  0:58  Probe (Chrono Boost)  
  18  1:09  Probe (Chrono Boost)  
  19  1:19  Probe (Chrono Boost)  
  20  1:30  Probe (Chrono Boost)  
  21  1:33  Cybernetics Core  
  21  1:40  Probe (Chrono Boost)  
  22  1:51  Probe (Chrono Boost)  
  23  1:55  Assimilator  
  23  1:56  Pylon  
  23  2:14  Warp Gate, Zealot, Probe (Chrono Boost)  
  26  2:22  Nexus  
  26  2:25  Mothership Core (Chrono Boost)  
  28  2:47  Stargate  
  28  2:49  Pylon  
  28  2:55  Probe (Chrono Boost)  
  29  3:06  Probe (Chrono Boost)  
  30  3:17  Probe (Chrono Boost)  
  31  3:22  Pylon  
  31  3:24  Stalker  
  31  3:25  Pylon  
  33  3:27  Probe (Chrono Boost)  
  34  3:36  Oracle  
  34  3:38  Probe (Chrono Boost)  
  38  3:45  Probe (Chrono Boost)  
  40  3:48  Probe (Chrono Boost)  
  40  3:56  Probe (Chrono Boost)  
  40  3:57  Stalker  
  40  3:59  Probe (Chrono Boost)  
  44  4:07  Robotics Facility  
  44  4:09  Probe (Chrono Boost)  
  45  4:12  Gateway  
  45  4:14  Probe (Chrono Boost)  
  46  4:25  Probe (Chrono Boost)  
  47  4:54  Probe (Chrono Boost)  
  48  5:00  Gateway  
  48  5:02  Gateway  
  48  5:04  Gateway  
  48  5:05  Pylon, Probe (Chrono Boost)  
  49  5:08  Pylon  
  49  5:12  Void Ray  
  53  5:16  Twilight Council  
  53  5:22  Stalker x2  
  53  5:25  Assimilator  
  53  5:27  Probe (Chrono Boost)  
  58  5:29  Assimilator  
  58  5:37  Probe (Chrono Boost)  
  57  5:48  Probe (Chrono Boost)  
  57  5:52  Stalker  
  57  5:53  Stalker  
  60  6:45  Nexus  
  60  6:56  Pylon  
  60  6:58  Pylon  
  60  7:00  Pylon  
  60  7:05  Pylon  
  60  7:07  Pylon  
  51  7:27  Stalker  
  47  7:30  Stalker x2  
Tags
 
Add a new tag
Caveats
  • Supply blocks, unpowered buildings, or Contaminate may cause inaccurate times.
  • Supply counts are checked every 10 seconds.